 Dungeon Crawl Stone Soup version 0.24.0-13-gcf9b3192b9 (webtiles) character file.

Game seed: 15105316428480093114, levelgen mode: deterministic

500 Delamore the Cleaver (level 7, -2/57 HPs)
             Began as a Hill Orc Fighter on Nov 9, 2019.
             Was a Follower of Trog.
             Slain by an ogre
             ... wielding a +0 giant club
              (20 damage)
             ... on level 4 of the Dungeon.
             The game lasted 00:03:53 (2679 turns).

Delamore the Cleaver (Hill Orc Fighter)             Turns: 2679, Time: 00:03:54

Health: -2/57      AC: 12    Str: 24    XL:     7   Next: 16%
Magic:  7/7        EV:  4    Int:  8    God:    Trog [*.....]
Gold:   279        SH:  9    Dex: 10    Spells: 6/6 levels left

rFire    . . .     SeeInvis .   e - +0 hand axe (freeze)
rCold    . . .     Gourm    .   c - +0 shield
rNeg     . . .     Faith    .   m - +0 plate armour
rPois    .         Spirit   .   (no helmet)
rElec    .         Reflect  .   s - +0 cloak
rCorr    .         Harm     .   (no gloves)
MR       .....                  (no boots)
Stlth    ..........             p - amulet of the acrobat
HPRegen  0.19/turn              w - +3 ring of strength
MPRegen  0.10/turn              (no ring)

@: no status effects
A: no striking features
a: Berserk, Renounce Religion


You were on level 4 of the Dungeon.
You worshipped Trog.
Trog was aware of your devotion.
You were not hungry.

You visited 1 branch of the dungeon, and saw 4 of its levels.

You collected 279 gold pieces.

Inventory:

Hand Weapons
 a - a +0 war axe
 e - a +0 hand axe of freezing (weapon)
Missiles
 g - 15 poisoned darts (quivered)
Armour
 c - a +0 shield (worn)
 m - a +0 plate armour (worn)
 s - a +0 cloak (worn)
 t - a +0 pair of boots
Jewellery
 p - an amulet of the acrobat (around neck)
 w - a +3 ring of strength (left hand)
 C - an uncursed ring of resist corrosion {unknown}
Wands
 o - a wand of disintegration (19)
Scrolls
 j - a scroll of blinking {unknown}
 k - a scroll of fear {unknown}
 l - 2 scrolls of identify {unknown}
 n - a scroll of noise
 r - a scroll of remove curse
 x - 2 scrolls of teleportation {unknown}
 y - 2 scrolls of enchant armour {unknown}
Potions
 b - a potion of agility {unknown}
 d - a potion of might
 h - 2 potions of flight {unknown}
 i - 4 potions of curing {unknown}
 q - 2 potions of cancellation {unknown}
 u - a potion of resistance {unknown}
 v - 2 potions of brilliance {unknown}
 z - a potion of invisibility {unknown}
 A - a potion of ambrosia {unknown}
 B - a potion of haste {unknown}
Comestibles
 f - 9 rations
 D - 2 chunks of flesh


   Skills:
 - Level 3.6 Fighting
 + Level 9.7 Axes
 - Level 3.2 Armour
 + Level 1.0 Stealth
 - Level 3.2 Shields


You had 6 spell levels left.
You didn't know any spells.
Your spell library was empty.

Dungeon Overview and Level Annotations

Branches:
Dungeon (4/15)
 Temple: D:4-7

Altars:
Okawaru
Ru
Trog


Message History

The ogre is heavily wounded.
You block the ogre's attack.
You hit the ogre. You freeze the ogre.
The ogre is heavily wounded.
Your shield and plate armour prevent you from hitting the ogre.
The ogre is heavily wounded.
The ogre hits you with a +0 giant club!
You are too injured to fight recklessly!
You are too injured to fight recklessly!
You are too injured to fight recklessly!
You are too injured to fight recklessly!
You are too injured to fight recklessly!
You are too injured to fight recklessly!
You are too injured to fight recklessly!
You are too injured to fight recklessly!
You are too injured to fight recklessly!
You hit the ogre. You freeze the ogre.
The ogre is almost dead.
The ogre hits you with a +0 giant club!!
You die...

####### #.# #.#
#.# # #.# .##
#.#########...#
#
#.#..>...@O...#
#
#.#.#######...#
########.#.#
###
...........#
###.######## #
#.# # #.# #.#
#.#


You could see an ogre.

Vanquished Creatures
  An ogre (D:4)
  2 scorpions (D:4)
  A howler monkey (D:4)
  A hound (D:4)
  Crazy Yiuf (D:2)
  An iguana (D:4)
  A worker ant (D:4)
  4 gnolls (D:4)
  4 adders
  An ooze (D:2)
  3 worms (D:2)
  A dart slug (D:2)
  4 leopard geckos
  4 orcs (D:3)
  8 bats
  A giant cockroach (D:3)
  13 goblins
  7 hobgoblins
  6 jackals
  3 quokkas
  3 ball pythons
  2 frilled lizards (D:2)
  2 jackal skeletons (D:4)
  7 kobolds
  9 rats
90 creatures vanquished.

Notes
Turn   | Place    | Note
-------+----------+-------------------------------------------
     0 | D:1      | Delamore the Hill Orc Fighter began the quest for the Orb.
     0 | D:1      | Reached XP level 1. HP: 19/19 MP: 1/1
    13 | D:1      | Reached skill level 3 in Axes
   109 | D:1      | Reached XP level 2. HP: 26/26 MP: 2/2
   198 | D:1      | Reached skill level 4 in Axes
   606 | D:2      | Reached XP level 3. HP: 31/31 MP: 3/3
   761 | D:2      | Reached skill level 5 in Axes
   773 | D:2      | Reached XP level 4. HP: 22/39 MP: 4/4
  1063 | D:2      | Found a runed translucent door.
  1064 | D:2      | Noticed Crazy Yiuf
  1125 | D:2      | Reached skill level 6 in Axes
  1456 | D:2      | Killed Crazy Yiuf
  1527 | D:3      | Reached XP level 5. HP: 33/45 MP: 5/5
  1665 | D:3      | Found a sacrificial altar of Ru.
  1797 | D:3      | Found a bloodstained altar of Trog.
  1804 | D:3      | Became a worshipper of Trog the Wrathful
  1995 | D:4      | Reached skill level 7 in Axes
  2008 | D:4      | Reached XP level 6. HP: 38/51 MP: 6/6
  2068 | D:4      | Reached skill level 8 in Axes
  2149 | D:4      | Reached skill level 9 in Axes
  2340 | D:4      | Reached skill level 1 in Stealth
  2358 | D:4      | Reached XP level 7. HP: 54/57 MP: 7/7
  2429 | D:4      | Found an iron altar of Okawaru.
  2648 | D:4      | Reached * piety under Trog
  2679 | D:4      | Slain by an ogre

Levels and vault maps discovered:
D:1:      dpeg_arrival_simpleton_a, layout_basic
D:2:      minmay_recursive_quarters, layout_loops_ring, item_on_display_a,
          uniq_crazy_yiuf_cottage
D:3:      layout_basic, lemuel_round_altar, first_ration,
          nicolae_ru_path_of_blood
D:4:      layout_loops_ring, grunt_ministairs_15, kennysheep_okawaru_gauntlet

Skill      XL: |  1  2  3  4  5  6 |
---------------+-------------------+-----
Axes           | 3 4 5 6 7 9 |  9.7
Stealth        | 1 |  1.0
Fighting       | |  3.6
Armour         | |  3.2
Shields        | |  3.2

Action                   |  1- 3 |  4- 6 |  7- 9 || total
-------------------------+-------+-------+-------++-------
Melee: War axe           |     7 |       |       ||     7
       Hand axe          |    78 |   158 |    49 ||   285
Throw: Dart              |       |       |     1 ||     1
  Use: Scroll            |       |     2 |       ||     2
  Eat: Chunk             |       |     5 |     1 ||     6
Armor: Scale mail        |    24 |       |       ||    24
       Plate armour      |    20 |    84 |    18 ||   122
Dodge: Dodged            |    24 |    25 |    10 ||    59
Block: Shield            |    41 |    65 |    14 ||   120
